[Event "GER-ch Youth U12W 2020"]
[Site "Willingen"]
[Date "2020.10.29"]
[Round "4.5"]
[White "Siegel, Irene"]
[Black "Fischer, Juliane"]
[Result "0-1"]
[ECO "B22"]
[WhiteElo "1380"]
[BlackElo "1509"]
[Annotator "NA RC"]
[PlyCount "74"]
[EventDate "2020.10.27"]
[EventType "swiss"]
[EventRounds "7"]
[EventCountry "GER"]
[SourceTitle "playchess.com"]
[Source "ChessBase"]
[SourceQuality "1"]
[TimeControl "40/5400+30:1800+30"]

1. e4 c5 2. c3 d5 3. e5 Nc6 4. d4 cxd4 5. cxd4 Bf5 6. Nf3 e6 7. a3 Nge7 8. Be2 Bg6 9. Bg5 Qb6 10. b4 Nf5 11. Be3 a6 12. Nc3 Be7 13. g4 Nxe3 14. fxe3 Nxb4 15. axb4 Bxb4 16. Rc1 Rc8 17. Qa4+ Ke7 18. Qb3 Rxc3 19. Rxc3 Rc8 20. O-O Rxc3 21. Qb2 Rc2 22. Qb3 Rxe2 23. Ng5 Ba5 24. Qa3+ Qb4 25. Qc1 Qc3 26. Qxc3 Bxc3 27. Rc1 Re1+ 28. Rxe1 Bxe1 29. Nf3 Ba5 30. Kf2 Be4 31. Ke2 Bxf3+ 32. Kxf3 b5 33. Ke2 Bc3 34. Kd1 b4 35. Kc2 f6 36. exf6+ Kxf6 37. h3 Kg5 0-1

[Event "GER-ch Youth U12W 2020"]
[Site "Willingen"]
[Date "2020.10.29"]
[Round "4.6"]
[White "Rodermel, Leonie"]
[Black "Haug, Mara"]
[Result "0-1"]
[ECO "B72"]
[WhiteElo "1370"]
[BlackElo "1366"]
[Annotator "NA RC"]
[PlyCount "100"]
[EventDate "2020.10.27"]
[EventType "swiss"]
[EventRounds "7"]
[EventCountry "GER"]
[SourceTitle "playchess.com"]
[Source "ChessBase"]
[SourceQuality "1"]
[TimeControl "40/5400+30:1800+30"]

1. e4 c5 2. Nf3 Nc6 3. d4 cxd4 4. Nxd4 g6 5. Nc3 Bg7 6. Be3 Nf6 7. Be2 d6 8. Nb3 Bd7 9. O-O O-O 10. Kh1 Ne5 11. f3 a6 12. a4 Rc8 13. Nd2 Be6 14. Ncb1 d5 15. exd5 Nxd5 16. Bf2 Qc7 17. Na3 Rfd8 18. c3 Nf4 19. Bd4 Bh6 20. a5 Qb8 21. g3 Nfd3 22. Bxe5 Qxe5 23. Bxd3 Rxd3 24. Rf2 Rcd8 25. f4 Qd5+ 26. Kg1 Rxd2 27. Rxd2 Qxd2 28. Qxd2 Rxd2 29. b4 Bg7 30. Rc1 Rd3 31. Nb1 Ba2 32. c4 Bd4+ 33. Kf1 Bb2 34. Re1 Bxc4 35. Kg2 Kf8 36. Rf1 Rb3 37. Nd2 Bxf1+ 38. Kxf1 Rxb4 39. Ke2 Ra4 40. Kd3 Rxa5 41. Nc4 Rd5+ 42. Kc2 Rc5 43. Kb3 Bd4 44. Kb4 Rb5+ 45. Ka3 Ke8 46. h3 Kd7 47. g4 Kc6 48. Ka4 Kc5 49. Na3 Rb2 50. f5 b6 0-1

[Event "GER-ch Youth U12W 2020"]
[Site "Willingen"]
[Date "2020.10.29"]
[Round "4.7"]
[White "Bakó, Evelin"]
[Black "Schwenke, Mia"]
[Result "1/2-1/2"]
[ECO "C75"]
[WhiteElo "1192"]
[BlackElo "1265"]
[Annotator "NA RC"]
[PlyCount "57"]
[EventDate "2020.10.27"]
[EventType "swiss"]
[EventRounds "7"]
[EventCountry "GER"]
[SourceTitle "playchess.com"]
[Source "ChessBase"]
[SourceQuality "1"]
[TimeControl "40/5400+30:1800+30"]

1. e4 e5 2. Nf3 Nc6 3. Bb5 a6 4. Ba4 d6 5. c3 Bd7 6. O-O g6 7. d3 Bg7 8. Re1 b5 9. Bb3 Nf6 10. Nbd2 O-O 11. Nf1 Nh5 12. Ne3 Kh8 13. Nd5 Ne7 14. d4 Nxd5 15. Bxd5 c6 16. Bb3 Qe7 17. Be3 f5 18. dxe5 dxe5 19. exf5 Bxf5 20. Bg5 Qe8 21. Qd2 c5 22. h3 c4 23. Bd1 Bd3 24. Be2 Bxe2 25. Rxe2 Nf4 26. Bxf4 Rxf4 27. Rae1 Rf5 28. Nd4 Rd8 29. Qc2 1/2-1/2

[Event "GER-ch Youth U12W 2020"]
[Site "Willingen"]
[Date "2020.10.29"]
[Round "4.8"]
[White "Glotz, Diana"]
[Black "Arnold, Rubina"]
[Result "0-1"]
[ECO "A10"]
[WhiteElo "1098"]
[BlackElo "1414"]
[Annotator "NA RC"]
[PlyCount "71"]
[EventDate "2020.10.27"]
[EventType "swiss"]
[EventRounds "7"]
[EventCountry "GER"]
[SourceTitle "playchess.com"]
[Source "ChessBase"]
[SourceQuality "1"]
[TimeControl "40/5400+30:1800+30"]

1. c4 f5 2. Nc3 Nf6 3. g3 g6 4. Bg2 Bg7 5. e3 O-O 6. Nge2 d6 7. d4 c6 8. b4 Bd7 9. b5 Qc7 10. O-O Be8 11. Bb2 Bf7 12. bxc6 Nxc6 13. d5 Ne5 14. Qc2 Qxc4 15. Rfd1 b5 16. Rd4 Qc5 17. Qb3 a6 18. Nf4 Rac8 19. Qb4 Qxb4 20. Rxb4 g5 21. Ne6 Bxe6 22. dxe6 Nd3 23. Rb3 Nxb2 24. Rxb2 Rxc3 25. Re2 Rfc8 26. Bb7 Rc1+ 27. Rxc1 Rxc1+ 28. Kg2 a5 29. Rd2 Rc7 30. Ba6 b4 31. Be2 Ne4 32. Rd3 Rc2 33. Kf1 Nc3 34. Bd1 Nxd1 35. Rxd1 Rxa2 36. Rd5 0-1

[Event "GER-ch Youth U12W 2020"]
[Site "Willingen"]
[Date "2020.10.29"]
[Round "4.9"]
[White "Moldovan, Stela"]
[Black "Petrosyan, Ani"]
[Result "1-0"]
[ECO "B21"]
[WhiteElo "1219"]
[BlackElo "1370"]
[Annotator "NA RC"]
[PlyCount "107"]
[EventDate "2020.10.27"]
[EventType "swiss"]
[EventRounds "7"]
[EventCountry "GER"]
[SourceTitle "playchess.com"]
[Source "ChessBase"]
[SourceQuality "1"]
[TimeControl "40/5400+30:1800+30"]

1. e4 c5 2. d4 cxd4 3. c3 dxc3 4. Nxc3 e6 5. Bc4 a6 6. Nf3 b5 7. Bb3 Bb7 8. O-O b4 9. Ne2 Bxe4 10. Ng3 Nf6 11. Bg5 Bb7 12. Nh5 d5 13. Re1 Nbd7 14. Ba4 Qb6 15. Bxf6 gxf6 16. Nxf6+ Ke7 17. Nxd7 Qd6 18. Nde5 Bg7 19. Rb1 Rhg8 20. h3 Rad8 21. Ng4 h5 22. Ngh2 Bf6 23. Bc2 d4 24. Be4 Bc8 25. Bd3 e5 26. Kh1 Qd5 27. Qd2 a5 28. Bf1 Rd6 29. Nxe5 Bxe5 30. Rxe5+ Qxe5 31. Re1 Qxe1 32. Qxe1+ Re6 33. Qd1 Rd8 34. Qxh5 d3 35. Qg5+ Rf6 36. Nf3 Rdd6 37. Qe3+ Rfe6 38. Qd2 Ba6 39. Ne1 Ke8 40. Nxd3 Kf8 41. Qc2 Rc6 42. Qb1 Red6 43. Nf4 Bxf1 44. Qxf1 Rd4 45. Ne2 Rd2 46. Ng3 Rcd6 47. Kh2 Ke7 48. Ne4 Rd1 49. Qe2 Re6 50. Qxd1 Rxe4 51. f3 Re5 52. h4 f5 53. Qd4 Kf6 54. f4 1-0

[Event "GER-ch Youth U12W 2020"]
[Site "Willingen"]
[Date "2020.10.29"]
[Round "4.10"]
[White "Fock, Madiha"]
[Black "Pröttel, Ela"]
[Result "1/2-1/2"]
[ECO "C02"]
[WhiteElo "1258"]
[BlackElo "1229"]
[Annotator "NA RC"]
[PlyCount "91"]
[EventDate "2020.10.27"]
[EventType "swiss"]
[EventRounds "7"]
[EventCountry "GER"]
[SourceTitle "playchess.com"]
[Source "ChessBase"]
[SourceQuality "1"]
[TimeControl "40/5400+30:1800+30"]

1. e4 e6 2. d4 d5 3. e5 c5 4. c3 Nc6 5. Nf3 Qb6 6. Be2 cxd4 7. cxd4 Nh6 8. Nc3 Nf5 9. Bb5 Bd7 10. Bxc6 Bxc6 11. O-O Be7 12. Ne2 Bb5 13. Re1 Bxe2 14. Rxe2 O-O 15. Qd3 Nh4 16. Nxh4 Bxh4 17. g3 Be7 18. Bf4 Rac8 19. Kg2 Rc4 20. Be3 Rfc8 21. h4 Qc7 22. Bd2 Bb4 23. b3 Bc3 24. bxc4 Bxa1 25. cxd5 exd5 26. Re1 Bb2 27. Bf4 Qc4 28. Qxc4 Rxc4 29. Rb1 Bxd4 30. Rxb7 h5 31. Rd7 Rc5 32. Rxa7 Rc2 33. Ra8+ Kh7 34. Ra4 Rxf2+ 35. Kh3 Bc3 36. Be3 Re2 37. Bf4 Bxe5 38. Bxe5 Rxe5 39. Rd4 Re2 40. Rxd5 Rxa2 41. Rxh5+ Kg8 42. Rf5 g6 43. Rf4 f5 44. h5 Kh7 45. hxg6+ Kxg6 46. Rf3 1/2-1/2

[Event "GER-ch Youth U12W 2020"]
[Site "Willingen"]
[Date "2020.10.29"]
[Round "4.11"]
[White "Lorenz, Veronika"]
[Black "Moldovan, Tatiana"]
[Result "1-0"]
[ECO "B28"]
[WhiteElo "1273"]
[BlackElo "1516"]
[Annotator "NA RC"]
[PlyCount "69"]
[EventDate "2020.10.27"]
[EventType "swiss"]
[EventRounds "7"]
[EventCountry "GER"]
[SourceTitle "playchess.com"]
[Source "ChessBase"]
[SourceQuality "1"]
[TimeControl "40/5400+30:1800+30"]

1. e4 c5 2. Nf3 a6 3. c3 e6 4. d4 d5 5. e5 Bd7 6. a3 cxd4 7. cxd4 Bb5 8. Bxb5+ axb5 9. Nc3 b4 10. Nb5 Nc6 11. O-O Qb6 12. Qd3 Na7 13. Nxa7 Rxa7 14. Bd2 bxa3 15. bxa3 Ne7 16. Rab1 Qd8 17. Rb3 Nc6 18. Rfb1 Qc7 19. R1b2 Be7 20. Qb1 Nd8 21. Rc3 Nc6 22. Rbb3 O-O 23. Ng5 Bxg5 24. Bxg5 Qd7 25. Rh3 h6 26. Bxh6 Rc8 27. Bxg7 f5 28. exf6 Nxd4 29. Qh7+ Kf7 30. Qh5+ Kg8 31. f7+ Kxg7 32. Qg5+ Kxf7 33. Rh7+ Kf8 34. Qf6+ Ke8 35. Qh8# 1-0

[Event "GER-ch Youth U12W 2020"]
[Site "Willingen"]
[Date "2020.10.29"]
[Round "4.12"]
[White "Stepanjan, Marianne"]
[Black "Khanbekyan, Nare"]
[Result "0-1"]
[ECO "B32"]
[WhiteElo "1351"]
[BlackElo "1329"]
[Annotator "NA RC"]
[PlyCount "120"]
[EventDate "2020.10.27"]
[EventType "swiss"]
[EventRounds "7"]
[EventCountry "GER"]
[SourceTitle "playchess.com"]
[Source "ChessBase"]
[SourceQuality "1"]
[TimeControl "40/5400+30:1800+30"]

1. e4 c5 2. Nf3 Nc6 3. d4 cxd4 4. Nxd4 g6 5. Bc4 Bg7 6. Nxc6 bxc6 7. Qd3 Nf6 8. Nc3 O-O 9. Bg5 Bb7 10. O-O-O d6 11. f4 Ng4 12. Rdf1 Qb6 13. Qe2 Qe3+ 14. Kb1 Qxe2 15. Bxe2 Ne3 16. Rf3 Nxg2 17. Rg1 f6 18. Bxf6 Nxf4 19. Bxe7 Nxe2 20. Bxf8 Nxg1 21. Rf1 Rxf8 22. Rxg1 d5 23. exd5 cxd5 24. Nb5 Ba6 25. Nc7 Bd4 26. Rd1 Rf1 27. Rxf1 Bxf1 28. Nxd5 Be5 29. h4 Bg3 30. h5 Kf7 31. hxg6+ hxg6 32. Ne3 Bh3 33. c4 g5 34. Kc2 g4 35. Kd3 Bh2 36. Ke2 Kf6 37. Kf2 Ke5 38. b3 Kf4 39. Nd5+ Ke4 40. Ne3 g3+ 41. Ke2 g2 42. Nxg2 Bxg2 43. c5 Kd5 44. b4 Kc6 45. a4 Bc7 46. Kd3 Be5 47. Kc4 Bd5+ 48. Kd3 Bb3 49. Ke4 Bc3 50. a5 Bxb4 51. a6 Kxc5 52. Kd3 Bc4+ 53. Kc2 Bxa6 54. Kb3 Bc4+ 55. Ka4 Bb5+ 56. Kb3 a5 57. Kb2 a4 58. Kb1 a3 59. Ka2 Kc4 60. Ka1 Kb3 0-1

[Event "GER-ch Youth U12W 2020"]
[Site "Willingen"]
[Date "2020.10.29"]
[Round "4.14"]
[White "Flierl, Veronika"]
[Black "Reich, Elisabeth"]
[Result "1/2-1/2"]
[ECO "B23"]
[WhiteElo "1404"]
[BlackElo "1128"]
[Annotator "NA RC"]
[PlyCount "71"]
[EventDate "2020.10.27"]
[EventType "swiss"]
[EventRounds "7"]
[EventCountry "GER"]
[SourceTitle "playchess.com"]
[Source "ChessBase"]
[SourceQuality "1"]
[TimeControl "40/5400+30:1800+30"]

1. e4 c5 2. Nc3 d6 3. f4 Nf6 4. Nf3 g6 5. Bc4 Nc6 6. O-O Bg7 7. Bb5 Bd7 8. Bxc6 Bxc6 9. d3 Qb6 10. Kh1 a6 11. Qe1 Qc7 12. Qh4 h5 13. Ng5 Nh7 14. Nd5 Bxd5 15. exd5 Nxg5 16. Qxg5 Bf6 17. Qg3 a5 18. Qe3 a4 19. Rb1 Qd7 20. Qe4 b5 21. f5 gxf5 22. Rxf5 Be5 23. Qf3 f6 24. Rxh5 Rxh5 25. Qxh5+ Kd8 26. Qf3 Kc7 27. Bf4 Qf5 28. Rf1 Bxf4 29. Qxf4 Qxd5 30. Re1 Qf7 31. d4 c4 32. c3 Rb8 33. Qd2 Rh8 34. Qe3 Re8 35. Rd1 Qh5 36. Qg1 1/2-1/2

[Event "GER-ch Youth U12W 2020"]
[Site "Willingen"]
[Date "2020.10.29"]
[Round "4.15"]
[White "Rosin, Ida"]
[Black "Hergenröder, Cora"]
[Result "0-1"]
[ECO "C45"]
[WhiteElo "1387"]
[BlackElo "1422"]
[Annotator "NA RC"]
[PlyCount "96"]
[EventDate "2020.10.27"]
[EventType "swiss"]
[EventRounds "7"]
[EventCountry "GER"]
[SourceTitle "playchess.com"]
[Source "ChessBase"]
[SourceQuality "1"]
[TimeControl "40/5400+30:1800+30"]

1. e4 e5 2. Nf3 Nc6 3. d4 exd4 4. Nxd4 Bc5 5. c3 Qf6 6. Be3 d6 7. Bc4 Nge7 8. O-O Ne5 9. Be2 Bd7 10. b4 Bb6 11. a4 a5 12. b5 O-O 13. c4 Qg6 14. Bf3 Nxc4 15. Bf4 Rad8 16. Qd3 Ne5 17. Bxe5 dxe5 18. Ne2 Bg4 19. Qc3 Bh5 20. Bxh5 Qxh5 21. Ng3 Qg6 22. Ra3 Rd4 23. Nd2 f6 24. Nf3 Rd6 25. Nh4 Qg4 26. Nf3 Ng6 27. h3 Qxg3 28. Qc4+ Kh8 29. Kh1 Bxf2 30. Qxc7 Nf4 31. Rxf2 Qxf2 32. Nh4 Rd1+ 33. Kh2 Qxh4 34. Rg3 Rh1+ 35. Kxh1 Qxg3 36. Qc2 Qxg2+ 37. Qxg2 Nxg2 38. Kxg2 Rd8 39. Kf2 Rd3 40. h4 g5 41. hxg5 fxg5 42. Ke2 Ra3 43. Kd2 g4 44. Ke2 g3 45. Kf1 Ra2 46. b6 h5 47. Ke1 g2 48. Kd1 g1=Q# 0-1

[Event "GER-ch Youth U12W 2020"]
[Site "Willingen"]
[Date "2020.10.29"]
[Round "4.16"]
[White "Margaryan, Venera"]
[Black "Heuberger, Sandra"]
[Result "1-0"]
[ECO "D60"]
[WhiteElo "1457"]
[BlackElo "1004"]
[Annotator "NA RC"]
[PlyCount "125"]
[EventDate "2020.10.27"]
[EventType "swiss"]
[EventRounds "7"]
[EventCountry "GER"]
[SourceTitle "playchess.com"]
[Source "ChessBase"]
[SourceQuality "1"]
[TimeControl "40/5400+30:1800+30"]

1. d4 d5 2. c4 e6 3. Nc3 Nf6 4. Bg5 Be7 5. e3 O-O 6. Nf3 Nbd7 7. cxd5 exd5 8. Bd3 Re8 9. Qc2 Nf8 10. Ne5 c6 11. O-O Bd6 12. f4 Ng6 13. a3 a5 14. Ne2 Be7 15. Ng3 Nd7 16. Bxe7 Qxe7 17. Nf5 Qf8 18. Rf3 Ndxe5 19. fxe5 Be6 20. Nd6 Red8 21. Nxb7 Rd7 22. Nd6 Raa7 23. Qxc6 Rac7 24. Qa4 Qa8 25. b4 Ra7 26. b5 Rd8 27. b6 Re7 28. b7 Qa7 29. Qc6 Bd7 30. Qa6 Qxa6 31. Bxa6 Rb8 32. Rc1 Be6 33. Rc5 a4 34. Ra5 Bd7 35. Rc5 Nf8 36. Rf2 Be6 37. Ra5 Bd7 38. Rc2 Ne6 39. Rxd5 g6 40. Bb5 Bxb5 41. Rxb5 Rd7 42. Rc8+ Rd8 43. d5 Nf8 44. Rxd8 Rxd8 45. b8=Q Rxb8 46. Rxb8 Kg7 47. Nb7 Nd7 48. Re8 Nb6 49. d6 Nd7 50. Re7 Nb6 51. d7 Nxd7 52. Rxd7 Kh6 53. Rxf7 g5 54. e6 Kg6 55. Rc7 h6 56. e7 Kh5 57. e8=Q+ Kg4 58. Rc4+ Kf5 59. Qe4+ Kf6 60. Rc6+ Kf7 61. Qe6+ Kg7 62. Rc7+ Kf8 63. Qc8# 1-0

[Event "GER-ch Youth U12W 2020"]
[Site "Willingen"]
[Date "2020.10.29"]
[Round "4.17"]
[White "Steinlechner, Katja"]
[Black "Cerkez, Lorena"]
[Result "1/2-1/2"]
[ECO "E61"]
[WhiteElo "1366"]
[BlackElo "1258"]
[Annotator "NA RC"]
[PlyCount "82"]
[EventDate "2020.10.27"]
[EventType "swiss"]
[EventRounds "7"]
[EventCountry "GER"]
[SourceTitle "playchess.com"]
[Source "ChessBase"]
[SourceQuality "1"]
[TimeControl "40/5400+30:1800+30"]

1. d4 Nf6 2. c4 g6 3. Nc3 Bg7 4. Bg5 d6 5. e3 O-O 6. Nf3 c6 7. Be2 Qc7 8. O-O e5 9. dxe5 dxe5 10. Qc2 Re8 11. a3 Bg4 12. Bxf6 Bxf6 13. Rad1 Bxf3 14. Bxf3 Rd8 15. Rxd8+ Bxd8 16. b4 a6 17. Ne4 Nd7 18. c5 Be7 19. Rd1 Nf6 20. Qd3 Nxe4 21. Bxe4 Rd8 22. Qb3 Rxd1+ 23. Qxd1 Qd8 24. Qxd8+ Bxd8 25. Kf1 f5 26. Bd3 a5 27. Ke1 b6 28. cxb6 Bxb6 29. b5 cxb5 30. Bxb5 Bc5 31. a4 Bb4+ 32. Ke2 Kf7 33. f4 exf4 34. exf4 h6 35. Kf3 h5 36. h3 h4 37. g4 Kf6 38. g5+ Ke7 39. Ke3 Bd6 40. Kf3 Bc5 41. Bc4 Kf8 1/2-1/2

[Event "GER-ch Youth U12W 2020"]
[Site "Willingen"]
[Date "2020.10.29"]
[Round "4.18"]
[White "Modali, Nikhilamrutha"]
[Black "Hoffmann, Sophia"]
[Result "1-0"]
[ECO "C50"]
[WhiteElo "1193"]
[BlackElo "1345"]
[Annotator "NA RC"]
[PlyCount "47"]
[EventDate "2020.10.27"]
[EventType "swiss"]
[EventRounds "7"]
[EventCountry "GER"]
[SourceTitle "playchess.com"]
[Source "ChessBase"]
[SourceQuality "1"]
[TimeControl "40/5400+30:1800+30"]

1. e4 e5 2. Nf3 Nc6 3. Bc4 Bc5 4. d3 Nf6 5. c3 d6 6. O-O Be6 7. Bb3 Bg4 8. Nbd2 O-O 9. Re1 a5 10. a4 Re8 11. Nf1 h6 12. h3 Bh5 13. Ng3 Bxf3 14. Qxf3 Rf8 15. Nf5 Kh7 16. Qg3 Nh5 17. Qg4 g6 18. Bxh6 Nf6 19. Qh4 Nh5 20. Bg5 Qd7 21. g4 Rh8 22. Bf6 Rhg8 23. Qg5 Nd8 24. Qh6# 1-0

[Event "GER-ch Youth U12W 2020"]
[Site "Willingen"]
[Date "2020.10.29"]
[Round "4.19"]
[White "Woiteck, Helena"]
[Black "Eichhorn, Mathilda"]
[Result "1/2-1/2"]
[ECO "D00"]
[WhiteElo "1092"]
[BlackElo "1560"]
[Annotator "NA RC"]
[PlyCount "144"]
[EventDate "2020.10.27"]
[EventType "swiss"]
[EventRounds "7"]
[EventCountry "GER"]
[SourceTitle "playchess.com"]
[Source "ChessBase"]
[SourceQuality "1"]
[TimeControl "40/5400+30:1800+30"]

1. d4 d5 2. Bf4 c5 3. e3 Nc6 4. Nf3 Nf6 5. c3 Qb6 6. Qc2 Bg4 7. Nbd2 e6 8. Be2 Be7 9. O-O O-O 10. Rfe1 Rac8 11. Qb1 Bf5 12. Qc1 cxd4 13. exd4 Nb4 14. Ne5 Nc6 15. Ndf3 h6 16. Nh4 Nxd4 17. Be3 Nxe2+ 18. Rxe2 Qb5 19. Re1 Rfd8 20. Nxf5 exf5 21. Bd4 Bc5 22. a4 Qb6 23. Bxc5 Qxc5 24. b4 Qxc3 25. Qb1 Qc2 26. Rc1 Qxc1+ 27. Qxc1 Rxc1+ 28. Rxc1 d4 29. Rd1 Ne4 30. a5 f6 31. Nd3 b6 32. axb6 axb6 33. f3 Nc3 34. Re1 Kf7 35. Kf2 Rd6 36. g3 g5 37. f4 h5 38. h4 Ne4+ 39. Kg2 Kg6 40. Re2 Nc3 41. Re1 b5 42. Kf2 Ne4+ 43. Kg2 g4 44. Rc1 Ra6 45. Rb1 Kf7 46. Rb2 Ke6 47. Rc2 Kd5 48. Kh2 Ra3 49. Nb2 Rxg3 50. Rc1 Rh3+ 51. Kg1 Rxh4 52. Na4 Rh3 53. Kg2 Rb3 54. Nb6+ Kd6 55. Nc8+ Kd7 56. Nb6+ Ke7 57. Nc8+ Kd8 58. Nb6 Rc3 59. Ra1 Rc2+ 60. Kg1 Kc7 61. Nd5+ Kd6 62. Ne3 Ng3 63. Nxc2 Ne2+ 64. Kf2 d3 65. Ra6+ Kd5 66. Ne3+ Kd4 67. Rd6+ Kc3 68. Rc6+ Kd2 69. Nf1+ Kd1 70. Ne3+ Kd2 71. Nf1+ Kd1 72. Ne3+ Kd2 1/2-1/2

[Event "GER-ch Youth U12W 2020"]
[Site "Willingen"]
[Date "2020.10.29"]
[Round "4.20"]
[White "Heutling, Sarah"]
[Black "Marrufo, Emilia"]
[Result "1/2-1/2"]
[ECO "B13"]
[WhiteElo "1197"]
[BlackElo "788"]
[Annotator "NA RC"]
[PlyCount "88"]
[EventDate "2020.10.27"]
[EventType "swiss"]
[EventRounds "7"]
[EventCountry "GER"]
[SourceTitle "playchess.com"]
[Source "ChessBase"]
[SourceQuality "1"]
[TimeControl "40/5400+30:1800+30"]

1. e4 c6 2. d4 d5 3. exd5 cxd5 4. Nc3 Nf6 5. Nf3 g6 6. Bf4 Bg7 7. Qd2 h6 8. O-O-O Bf5 9. Ne5 Nbd7 10. Bb5 g5 11. Be3 O-O 12. h4 Nxe5 13. dxe5 Ne4 14. Nxe4 Bxe4 15. f3 Bg6 16. hxg5 hxg5 17. Bxg5 f6 18. e6 fxg5 19. Qxg5 Rf6 20. Bd3 Qe8 21. f4 Bxd3 22. Rxd3 Rg6 23. Qxd5 Rc8 24. c3 b5 25. Qf5 b4 26. Kd2 Rxg2+ 27. Ke3 bxc3 28. Qh7+ Kf8 29. Qf5+ Kg8 30. Qh7+ Kf8 31. Qf5+ Bf6 32. Rh8+ Rg8 33. Rh7 Rg7 34. Rh8+ Rg8 35. Rh7 Rg3+ 36. Ke2 Rg7 37. Rh8+ Rg8 38. Rh7 Rg7 39. Rh8+ Rg8 40. Rh7 Rg2+ 41. Ke3 Rg3+ 42. Ke2 Rg2+ 43. Ke3 Rg3+ 44. Ke2 Rg2+ 1/2-1/2

[Event "GER-ch Youth U12W 2020"]
[Site "Willingen"]
[Date "2020.10.30"]
[Round "5.1"]
[White "Trunz, Michelle"]
[Black "Bräutigam, Katerina"]
[Result "1-0"]
[ECO "D31"]
[WhiteElo "1662"]
[BlackElo "1744"]
[Annotator "NA RC"]
[PlyCount "145"]
[EventDate "2020.10.27"]
[EventType "swiss"]
[EventRounds "7"]
[EventCountry "GER"]
[SourceTitle "playchess.com"]
[Source "ChessBase"]
[SourceQuality "1"]
[TimeControl "40/5400+30:1800+30"]

1. d4 d5 2. c4 e6 3. Nc3 a6 4. a4 Nc6 5. e3 Nf6 6. Nf3 Be7 7. Be2 O-O 8. O-O Re8 9. b3 h6 10. Ba3 Kh8 11. Bxe7 Qxe7 12. Qc2 Rg8 13. Kh1 g5 14. Rfb1 Bd7 15. c5 Nb4 16. Qd2 a5 17. Ne5 g4 18. e4 Qf8 19. exd5 exd5 20. Qf4 Qg7 21. Rg1 Be6 22. Rac1 c6 23. Qe3 Bf5 24. f3 Rae8 25. Qf4 Bc8 26. fxg4 h5 27. g5 Ng4 28. Bxg4 Bxg4 29. h3 Be6 30. h4 Ref8 31. Qf3 Qh7 32. Qf6+ Rg7 33. g6 Qh6 34. Rgf1 Na6 35. Qe7 Kg8 36. gxf7+ Bxf7 37. Nd7 Rg6 38. Nxf8 Qxf8 39. Qxf8+ Kxf8 40. Rf2 Ke7 41. Re1+ Be6 42. Ne2 Rg4 43. Rf4 Rg7 44. Kh2 Nb4 45. Rf3 Kd7 46. Nf4 Bg4 47. Rg3 Rh7 48. Nd3 Nxd3 49. Rxd3 Bf5 50. Rf3 Be4 51. Rf6 Bc2 52. Re3 Be4 53. Rg3 Bc2 54. Rf8 Re7 55. Rf4 Kc7 56. Rc3 Bd1 57. Rd3 Bc2 58. Rdf3 Bd1 59. Rf7 Rxf7 60. Rxf7+ Kb8 61. Rf3 Bxf3 62. gxf3 b6 63. cxb6 Kb7 64. Kg3 Kxb6 65. f4 Kc7 66. f5 Kd7 67. Kf4 Kd6 68. Kg5 c5 69. f6 c4 70. Kg6 cxb3 71. f7 b2 72. f8=Q+ Kc7 73. Qf1 1-0

[Event "GER-ch Youth U12W 2020"]
[Site "Willingen"]
[Date "2020.10.30"]
[Round "5.2"]
[White "Peglau, Charis"]
[Black "Wilmink, Anna"]
[Result "1/2-1/2"]
[ECO "E10"]
[WhiteElo "1768"]
[BlackElo "1608"]
[Annotator "NA RC"]
[PlyCount "56"]
[EventDate "2020.10.27"]
[EventType "swiss"]
[EventRounds "7"]
[EventCountry "GER"]
[SourceTitle "playchess.com"]
[Source "ChessBase"]
[SourceQuality "1"]
[TimeControl "40/5400+30:1800+30"]

1. d4 Nf6 2. c4 e6 3. Nf3 d5 4. e3 b6 5. Nc3 Bb7 6. Bd2 Nbd7 7. Rc1 c5 8. cxd5 exd5 9. Be2 Be7 10. O-O O-O 11. Ne5 Nxe5 12. dxe5 Ne4 13. f3 Nxd2 14. Qxd2 d4 15. Na4 Qd5 16. exd4 cxd4 17. Bc4 Qxe5 18. Bd3 Qd6 19. b3 Bd5 20. Nb2 Rab8 21. Nc4 Bxc4 22. Rxc4 Bf6 23. Be4 Rbc8 24. Rfc1 Rc5 25. Rxc5 bxc5 26. Qc2 g6 27. Qxc5 Qxc5 28. Rxc5 Rd8 1/2-1/2

[Event "GER-ch Youth U12W 2020"]
[Site "Willingen"]
[Date "2020.10.30"]
[Round "5.3"]
[White "Fischer, Juliane"]
[Black "Moldovan, Stela"]
[Result "1-0"]
[ECO "B28"]
[WhiteElo "1509"]
[BlackElo "1219"]
[Annotator "NA RC"]
[PlyCount "115"]
[EventDate "2020.10.27"]
[EventType "swiss"]
[EventRounds "7"]
[EventCountry "GER"]
[SourceTitle "playchess.com"]
[Source "ChessBase"]
[SourceQuality "1"]
[TimeControl "40/5400+30:1800+30"]

1. e4 c5 2. Nf3 a6 3. c3 e6 4. d4 d5 5. e5 Bd7 6. Bd3 cxd4 7. cxd4 Bb5 8. Bxb5+ axb5 9. O-O Nc6 10. Nc3 b4 11. Ne2 h6 12. Bd2 Nge7 13. Ng3 Nf5 14. Nxf5 exf5 15. Qc2 Qd7 16. Rfe1 Rc8 17. e6 fxe6 18. Qxf5 Nd8 19. Re2 Qf7 20. Qxd5 Be7 21. Qb5+ Nc6 22. Ne5 Qf6 23. Qxb7 O-O 24. Nxc6 Bd6 25. Ne5 Bxe5 26. dxe5 Qf5 27. Bxb4 Rfd8 28. Qe4 Qg5 29. f4 Qh5 30. Rd2 Re8 31. Rad1 Qh4 32. g3 Rb8 33. gxh4 Ra8 34. Qxa8 Rxa8 35. Rd8+ Rxd8 36. Rxd8+ Kf7 37. Rd2 g6 38. Kf2 g5 39. hxg5 hxg5 40. fxg5 Kg6 41. Rd6 Kxg5 42. Rxe6 Kf5 43. Rc6 Kxe5 44. Rc4 Kd5 45. b3 Ke6 46. Rc5 Kd6 47. Ke3 Ke6 48. Ke4 Kf6 49. Ra5 Kg6 50. Kf4 Kf6 51. Ra6+ Kf7 52. Kg5 Ke8 53. Ra7 Kd8 54. Kf6 Kc8 55. Bd6 Kd8 56. Ke6 Kc8 57. Rh7 Kd8 58. Rh8# 1-0

[Event "GER-ch Youth U12W 2020"]
[Site "Willingen"]
[Date "2020.10.30"]
[Round "5.4"]
[White "Haug, Mara"]
[Black "Wartenberg, Alissa"]
[Result "0-1"]
[ECO "A28"]
[WhiteElo "1366"]
[BlackElo "1463"]
[Annotator "NA RC"]
[PlyCount "60"]
[EventDate "2020.10.27"]
[EventType "swiss"]
[EventRounds "7"]
[EventCountry "GER"]
[SourceTitle "playchess.com"]
[Source "ChessBase"]
[SourceQuality "1"]
[TimeControl "40/5400+30:1800+30"]

1. c4 e5 2. Nc3 Nf6 3. Nf3 Nc6 4. e3 d5 5. cxd5 Nxd5 6. Bb5 Nxc3 7. bxc3 Bd6 8. d4 exd4 9. cxd4 O-O 10. Qc2 Nb4 11. Qb1 c6 12. Be2 Qa5 13. Bd2 Qa4 14. Bd1 Qb5 15. Be2 Qa4 16. Bd1 Qa3 17. O-O b6 18. Bb3 Ba6 19. Re1 c5 20. Ng5 Bd3 21. Qd1 c4 22. Ba4 b5 23. Bxb4 Bxb4 24. Bxb5 Bxe1 25. Qxe1 Qd6 26. h4 h6 27. Nf3 Rab8 28. Ba4 Be4 29. Ne5 Rfc8 30. Qe2 c3 0-1

[Event "GER-ch Youth U12W 2020"]
[Site "Willingen"]
[Date "2020.10.30"]
[Round "5.5"]
[White "Arnold, Rubina"]
[Black "Jacobasch, Ronja"]
[Result "1-0"]
[ECO "B09"]
[WhiteElo "1414"]
[BlackElo "1549"]
[Annotator "NA RC"]
[PlyCount "69"]
[EventDate "2020.10.27"]
[EventType "swiss"]
[EventRounds "7"]
[EventCountry "GER"]
[SourceTitle "playchess.com"]
[Source "ChessBase"]
[SourceQuality "1"]
[TimeControl "40/5400+30:1800+30"]

1. e4 d6 2. d4 Nf6 3. Nc3 g6 4. f4 Bg7 5. Nf3 Nbd7 6. e5 dxe5 7. dxe5 Ng4 8. Bc4 e6 9. h3 Nh6 10. Be3 Nf5 11. Bf2 O-O 12. g4 Ne7 13. Qd2 Nb6 14. Bd3 Ned5 15. g5 Nxc3 16. Qxc3 Nd5 17. Qd2 b6 18. Be4 Bb7 19. c4 Rb8 20. cxd5 exd5 21. Bc2 d4 22. Qe2 Qd5 23. Rh2 Qxf3 24. Qxf3 Bxf3 25. Bxd4 Rfe8 26. Rd2 Bf8 27. Kf2 Bb7 28. Bb3 Rbd8 29. Rad1 Be7 30. Bc3 Rxd2+ 31. Rxd2 Bc5+ 32. Kg3 Re7 33. Rd8+ Re8 34. Rxe8+ Bf8 35. e6 1-0